 Dungeon Crawl Stone Soup version 0.28-a0-657-g71136c5590 (webtiles) character file.

Game seed: 16091778249266861193

1058 tilp the Magician (level 8, -2/58 HPs)
             Began as a Gnoll Hedge Wizard on Oct 13, 2021.
             Was a High Priest of Ignis.
             Slain by a troll (9 damage)
             ... on level 6 of the Dungeon.
             The game lasted 00:09:15 (7802 turns).

tilp the Magician (Gnoll Hedge Wizard)              Turns: 7802, Time: 00:09:16

Health: -2/58      AC: 11    Str: 10    XL:     8   Next: 27%
Magic:  19/19      EV: 12    Int: 15    God:    Ignis [*****.]
Gold:   224        SH:  0    Dex: 12    Spells: 15/22 levels left

rFire   + . .      SeeInvis .   b - +5 hand crossbow (vorpal)
rCold   . . .      Faith    .   (no shield)
rNeg    . . .      Spirit   .   e - +0 ring mail
rPois   .          Reflect  .   c - +0 hat
rElec   .          Harm     .   w - +2 cloak
rCorr   .          Rampage  .   m - +2 pair of gloves
Will    .....                   (no boots)
Stlth   ++........              (no amulet)
HPRegen 0.19/turn               (no ring)
MPRegen 0.16/turn               (no ring)

@: no status effects
A: fangs 1, strong nose, distributed training
a: Renounce Religion, Sea of Fire, Foxfire Swarm, Rising Flame


You were on level 6 of the Dungeon.
You worshipped Ignis.
Ignis was extremely pleased with you.
You visited 1 branch of the dungeon, and saw 6 of its levels.

You collected 224 gold pieces.

Inventory:

Hand Weapons
 a - a +3 dire flail of draining
 b - a +5 vorpal hand crossbow (weapon)
 h - a +4 halberd
 t - a +0 short sword of draining
Missiles
 g - 2 boomerangs of dispersal
 i - 51 sling bullets
 j - 26 bolts (quivered ammo)
 k - 50 arrows
 p - 21 poisoned darts
 s - a throwing net
Armour
 c - a +0 hat (worn)
 d - a +0 kite shield
 e - a +0 ring mail (worn)
 f - a scarf of shadows
 m - a +2 pair of gloves (worn)
 w - a +2 cloak (worn)
Wands
 v - a wand of iceblast (6)
Scrolls
 n - 2 scrolls of amnesia
 q - 3 scrolls of teleportation
 r - 2 scrolls of identify
Potions
 l - a potion of mutation
 o - 3 potions of curing


   Skills:
 + Level 3.1 Fighting
 + Level 3.1 Short Blades
 + Level 3.1 Long Blades
 + Level 3.1 Axes
 + Level 3.1 Maces & Flails
 + Level 3.1 Polearms
 + Level 3.1 Staves
 + Level 3.1 Slings
 + Level 3.1 Bows
 + Level 3.1 Crossbows
 + Level 3.1 Throwing
 + Level 3.1 Armour
 + Level 5.6 Dodging
 + Level 5.2 Stealth
 + Level 3.1 Shields
 + Level 3.1 Unarmed Combat
 + Level 7.8 Spellcasting
 + Level 3.3 Conjurations
 + Level 2.5 Hexes
 + Level 3.3 Summonings
 + Level 2.5 Necromancy
 + Level 3.3 Translocations
 + Level 2.5 Transmutations
 + Level 2.5 Fire Magic
 + Level 2.5 Ice Magic
 + Level 2.5 Air Magic
 + Level 2.5 Earth Magic
 + Level 2.5 Poison Magic
 + Level 3.4 Invocations
 + Level 3.1 Evocations


You had 15 spell levels left.
You knew the following spells:

 Your Spells              Type           Power      Damage    Failure   Level
a - Magic Dart            Conj           64%        1d6       8%          1
b - Call Imp              Summ           16%        N/A       11%         2
c - Blink                 Tloc           N/A        N/A       11%         2
d - Slow                  Hex            13%        N/A       16%         2

Your spell library contained the following spells:

 Spells                   Type           Power      Damage    Failure   Level
 Animate Skeleton         Necr           26%        N/A       11%         1
 Pain                     Necr           52%        1d6       11%         1
 Conjure Flame            Conj/Fire      14%        6-21      26%         3
 Mephitic Cloud           Conj/Pois/Air  14%        N/A       28%         3
 Vampiric Draining        Necr           6%         2d6       30%         3


Dungeon Overview and Level Annotations

Branches:
Dungeon (6/15)             Temple (0/1) D:5

Altars:
Uskayaw
Ignis


Innate Abilities, Weirdness & Mutations

You have very sharp teeth.
Your uncanny sense of smell can sniff out nearby items.
Your experience applies equally to all skills.


Message History

You are too injured to fight recklessly!
Fire: 31 bolts
Press: ? - help, Q - select action, (/) - cycle Shift-Dir - straight line, f/p - troll
Aim: a troll (heavily wounded, 68% to hit)
You shoot a bolt. The bolt hits the troll!
The troll is severely wounded.
The troll bites you. The troll barely misses you. x3
The troll claws you but does no damage. The troll barely misses you.
Fire: 30 bolts
Press: ? - help, Q - select action, (/) - cycle Shift-Dir - straight line, f/p - troll
Aim: a troll (severely wounded, 68% to hit)
You shoot a bolt. The bolt closely misses the troll.
The troll misses you. The troll claws you but does no damage.
The troll barely misses you.
Fire: 29 bolts
Press: ? - help, Q - select action, (/) - cycle Shift-Dir - straight line, f/p - troll
Aim: a troll (severely wounded, 68% to hit)
You shoot a bolt. The bolt barely misses the troll.
The troll bites you!
* * * LOW HITPOINT WARNING * * *
The troll claws you but does no damage. The troll barely misses you.
Fire: 28 bolts
Press: ? - help, Q - select action, (/) - cycle Shift-Dir - straight line, f/p - troll
Aim: a troll (severely wounded, 68% to hit)
You shoot a bolt. The bolt hits the troll.
The troll is almost dead.
The troll bites you but does no damage. The troll claws you but does no damage.
The troll claws you!
* * * LOW HITPOINT WARNING * * *
The troll barely misses you. The troll claws you.
* * * LOW HITPOINT WARNING * * *
The troll claws you but does no damage.
Fire: 27 bolts
Press: ? - help, Q - select action, (/) - cycle Shift-Dir - straight line, f/p - troll
Aim: a troll (severely wounded, 68% to hit)
You shoot a bolt. The bolt barely misses the troll.
The troll bites you.
* * * LOW HITPOINT WARNING * * *
The troll claws you!
You die...

##.#
#......#
#.##
#......# ∆
##.#
#......#
#.##
#......#
##.##
#......#
#...##
#.######
#....# #.#
#....# #.#
##@.#####.#
#T.......#
+........#
#....<...#
#(......##
#(......#
#.......#
#(......#
#.......#


You could see a troll.

Vanquished Creatures
  2 ogres (D:5)
  2 centaurs (D:3)
  A scorpion (D:5)
  A water moccasin zombie (D:5)
  5 wights (D:4)
  A howler monkey (D:4)
  A bullfrog zombie (D:5)
  A hound (D:5)
  Crazy Yiuf (D:6)
  2 orc priests
  A bullfrog skeleton (D:4)
  Ijyb (D:5)
  An iguana (D:5)
  An orc wizard (D:3)
  2 adders
  A howler monkey skeleton (D:4)
  An ufetubus (D:5)
  3 worms
  2 dart slugs
  16 orcs
  4 ball pythons
  6 endoplasms
  2 giant cockroaches
  4 goblins
  8 hobgoblins
  2 quokkas (D:2)
  4 bats
  5 frilled lizards
  5 kobolds
  5 rats
91 creatures vanquished.

Vanquished Creatures (others)
  17 foxfires (D:3)
  32 plants (D:2)
49 creatures vanquished.

Grand Total: 140 creatures vanquished

Notes
Turn   | Place    | Note
-------+----------+-------------------------------------------
     0 | D:1      | tilp the Gnoll Hedge Wizard began the quest for the Orb.
     0 | D:1      | Reached XP level 1. HP: 13/13 MP: 8/8
   390 | D:1      | Reached XP level 2. HP: 5/19 MP: 6/10
  1451 | D:1      | Identified a scroll of acquirement
  1451 | D:1      | Acquired a +4 vorpal hand crossbow
  1646 | D:1      | Learned a level 2 spell: Call Imp
  1649 | D:1      | Learned a level 2 spell: Blink
  1652 | D:1      | Learned a level 2 spell: Slow
  1770 | D:2      | Reached XP level 3. HP: 14/25 MP: 11/11
  2084 | D:2      | Reached skill level 1 in Invocations
  2455 | D:2      | Found a faded altar of an unknown god.
  2617 | D:2      | Prayed at the altar of an unknown god.
  2617 | D:2      | Became a worshipper of Ignis, the Dying Flame
  2893 | D:3      | Noticed a centaur
  2908 | D:2      | Reached skill level 1 in Fighting
  2908 | D:2      | Reached skill level 1 in Short Blades
  2908 | D:2      | Reached skill level 1 in Long Blades
  2908 | D:2      | Reached skill level 1 in Axes
  2908 | D:2      | Reached skill level 1 in Maces & Flails
  2908 | D:2      | Reached skill level 1 in Polearms
  2908 | D:2      | Reached skill level 1 in Staves
  2908 | D:2      | Reached skill level 1 in Slings
  2908 | D:2      | Reached skill level 1 in Bows
  2908 | D:2      | Reached skill level 1 in Crossbows
  2908 | D:2      | Reached skill level 1 in Throwing
  2908 | D:2      | Reached skill level 1 in Armour
  2908 | D:2      | Reached skill level 1 in Shields
  2908 | D:2      | Reached skill level 1 in Unarmed Combat
  2908 | D:2      | Reached skill level 1 in Evocations
  3161 | D:3      | Reached XP level 4. HP: 32/32 MP: 13/13
  3166 | D:3      | Killed a centaur
  3167 | D:3      | Reached skill level 1 in Hexes
  3167 | D:3      | Reached skill level 1 in Necromancy
  3167 | D:3      | Reached skill level 1 in Transmutations
  3167 | D:3      | Reached skill level 1 in Fire Magic
  3167 | D:3      | Reached skill level 1 in Ice Magic
  3167 | D:3      | Reached skill level 1 in Air Magic
  3167 | D:3      | Reached skill level 1 in Earth Magic
  3167 | D:3      | Reached skill level 1 in Poison Magic
  3167 | D:3      | Reached XP level 5. HP: 25/37 MP: 14/14
  3847 | D:3      | Found a hide-covered altar of Uskayaw.
  3852 | D:3      | Noticed a centaur
  3857 | D:3      | Killed a centaur
  3858 | D:3      | Reached XP level 6. HP: 11/44 MP: 16/16
  4174 | D:3      | Reached skill level 5 in Dodging
  5077 | D:4      | Reached XP level 7. HP: 41/50 MP: 18/18
  6187 | D:5      | Entered Level 5 of the Dungeon
  6348 | D:5      | Reached skill level 5 in Stealth
  6574 | D:5      | Reached XP level 8. HP: 14/57 MP: 19/19
  7126 | D:5      | Noticed Ijyb
  7130 | D:5      | Killed Ijyb
  7168 | D:5      | Found a staircase to the Ecumenical Temple.
  7752 | D:6      | Found a runed translucent door.
  7753 | D:6      | Noticed Crazy Yiuf
  7758 | D:6      | Killed Crazy Yiuf
  7789 | D:6      | Noticed a troll
  7802 | D:6      | Slain by a troll

Illustrated notes

Levels and vault maps discovered:
D:1:      lemuel_arrival_river_ford, layout_basic, serial_aquarium,
          aquarium_bridge_straight [aquarium_subvault_bridge,
          aquarium_subvault_wall, aquarium_subvault_bridge,
          aquarium_subvault_wall], aquarium_window_fake, aquarium_window_2,
          aquarium_window_fake, aquarium_view_2d, aquarium_view_2d
D:2:      layout_rooms, serial_bayou, serial_bayou_shore_a, serial_bayou_pond_a,
          serial_bayou_pond_d, serial_bayou_lagoon_a,
          dilly_ecumenical_altar_fadedgnrine
D:3:      minmay_wonky_spiral, layout_basic, nicolae_uskayaw_dance_hall,
          st_stairs_7
D:4:      layout_layer_cave
D:5:      layout_basic, minmay_temple_entry_crystal_x, uniq_ijyb
D:6:      layout_gridville, serial_shops, shop, uniq_maggie, uniq_edmund,
          uniq_crazy_yiuf_cottage, uniq_menkaure

Skill      XL: |  1  2  3  4  5  6  7  8 |
---------------+-------------------------+-----
Conjurations   | 2 3 |  3.3
Summonings     | 2 3 |  3.3
Translocations | 2 3 |  3.3
Invocations    | 1 2 3 |  3.4
Fighting       | 1 2 3 |  3.1
Short Blades   | 1 2 3 |  3.1
Long Blades    | 1 2 3 |  3.1
Axes           | 1 2 3 |  3.1
Maces & Flails | 1 2 3 |  3.1
Polearms       | 1 2 3 |  3.1
Staves         | 1 2 3 |  3.1
Slings         | 1 2 3 |  3.1
Bows           | 1 2 3 |  3.1
Crossbows      | 1 2 3 |  3.1
Throwing       | 1 2 3 |  3.1
Armour         | 1 2 3 |  3.1
Shields        | 1 2 3 |  3.1
Unarmed Combat | 1 2 3 |  3.1
Evocations     | 1 2 3 |  3.1
Hexes          | 1 2 |  2.5
Necromancy     | 1 2 |  2.5
Transmutations | 1 2 |  2.5
Fire Magic     | 1 2 |  2.5
Ice Magic      | 1 2 |  2.5
Air Magic      | 1 2 |  2.5
Earth Magic    | 1 2 |  2.5
Poison Magic   | 1 2 |  2.5
Dodging        | 5 |  5.6
Stealth        | 5 |  5.2
Spellcasting   | |  7.8

Action                   |  1- 3 |  4- 6 |  7- 9 || total
-------------------------+-------+-------+-------++-------
Melee: Dagger            |    16 |       |       ||    16
       Bite              |     4 |     7 |     6 ||    17
       Short sword       |    67 |    73 |    28 ||   168
       Dire flail        |       |       |    59 ||    59
 Fire: Hand crossbow     |     1 |    25 |    39 ||    65
 Cast: Magic Dart        |    46 |     3 |       ||    49
       Call Imp          |     1 |       |       ||     1
Invok: Foxfire Swarm     |       |     1 |       ||     1
  Use: Scroll            |     6 |     2 |     4 ||    12
 Stab: Sleeping          |     3 |     2 |       ||     5
       Distracted        |       |       |     1 ||     1
Armor: Ring mail         |    41 |    25 |    37 ||   103
Dodge: Dodged            |    58 |    42 |    67 ||   167

Table legend: (Time is in decaauts)
 A = Elapsed time spent in this place.
 B = Non-inter-level travel time spent in this place.
 C = Inter-level travel time spent in this place.
 D = Time resting spent in this place.
 E = Time spent auto-exploring this place.
 F = Levels seen in this place.
 G = Mean time per level.
                   A        B        C        D        E       F      G
               +--------+--------+--------+--------+--------+-----+--------+
         Total |   7880 |   7566 |    314 |   1232 |   5377 |   6 | 1313.3 |
       Dungeon |   7880 |   7566 |    314 |   1232 |   5377 |   6 | 1313.3 |
               +--------+--------+--------+--------+--------+-----+--------+

Top non-repeatable levels by time:
     D:4: 1665 daAuts
     D:2: 1588 daAuts
     D:1: 1586 daAuts
     D:5: 1536 daAuts
     D:3: 1412 daAuts
     D:6: 92 daAuts
